 Dungeon Crawl Stone Soup version 0.29.1-15-g9cfb28693d (webtiles) character file.

Game seed: 1048253609444093335

11655 kingofthe the Jinx (level 11, -4/54 HPs)
             Began as a Deep Elf Conjurer on Mar 8, 2023.
             Was a Believer of Sif Muna.
             Killed from afar by a catoblepas (8 damage)
             ... with a blast of calcifying dust
             ... on level 1 of the Lair of Beasts on Mar 9, 2023.
             The game lasted 01:09:49 (15583 turns).

kingofthe the Jinx (Deep Elf Conjurer)             Turns: 15583, Time: 01:09:50

Health: -4/54      AC:  5    Str:  6    XL:     11   Next: 52%
Magic:  23/27      EV: 17    Int: 24    God:    Sif Muna [**....]
Gold:   693        SH:  0    Dex: 15    Spells: 12/30 levels left

rFire   . . .      SeeInvis .   a - +5 lajatang (elec)
rCold   . . .      Faith    .   (shield currently unavailable)
rNeg    + . .      Spirit   .   U - +0 robe {rN+}
rPois   +          Reflect  .   N - +0 helmet
rElec   .          Harm     .   (no cloak)
rCorr   .          Rampage  .   n - +0 pair of gloves
Will    +....                   D - +0 pair of boots
Stlth   ++++......              G - amulet of magic regeneration
HPRegen 0.18/turn               P - ring of poison resistance
MPRegen 0.60/turn               Z - ring of wizardry

@: studying Ice Magic
A: no striking features
a: Renounce Religion, Channel Magic


You were on level 1 of the Lair of Beasts.
You worshipped Sif Muna.
Sif Muna was pleased with you.
You visited 3 branches of the dungeon, and saw 14 of its levels.
You also visited: Sewer.

You collected 1086 gold pieces.
You spent 393 gold pieces at shops.


   Skills:
 * Level 10.2 Dodging
 + Level 7.8 Stealth
 + Level 10.0 Spellcasting
 + Level 9.2 Conjurations
 + Level 10.5 Hexes
 + Level 7.6 Earth Magic
 * Level 4.5 Invocations


You had 12 spell levels left.
You knew the following spells:

 Your Spells              Type           Power      Damage    Failure   Level
a - Magic Dart            Conj           100%       1d8       1%          1
b - Searing Ray           Conj           100%       2d8       1%          2
c - Stone Arrow           Conj/Erth      100%       3d13      1%          3
d - Fulminant Prism       Conj/Hex       28%        3d14      1%          4
e - Hailstorm             Conj/Ice       34%        3d9       3%          4
f - Cause Fear            Hex            29%        N/A       1%          4

Your spell library contained the following spells:

 Spells                   Type           Power      Damage    Failure   Level
 Dazzling Flash           Conj/Hex       100%       N/A       1%          3
 Inner Flame              Hex/Fire       37%        N/A       1%          3
 Summon Guardian Golem    Hex/Summ       37%        N/A       1%          3
 Apportation              Tloc           24%        N/A       2%          1
 Necrotise                Necr           48%        1d6       2%          1
 Summon Small Mammal      Summ           48%        N/A       2%          1
 Iskenderun's Mystic Bla  Conj/Tloc      34%        2d8       3%          4
 Animate Armour           Summ/Erth      60%        N/A       4%          4
 Call Canine Familiar     Summ           12%        N/A       6%          3
 Summon Mana Viper        Hex/Summ       37%        N/A       7%          5
 Iron Shot                Conj/Erth      25%        9d5       11%         6
 Ice Form                 Ice/Tmut       12%        N/A       21%         4
 Summon Ice Beast         Ice/Summ       12%        N/A       21%         4
 Alistair's Intoxication  Tmut/Pois      8%         N/A       47%         5
 Blade Hands              Tmut           6%         N/A       47%         5
 Discord                  Hex            29%        N/A       86%         8
 Simulacrum               Ice/Necr       6%         N/A       95%         6
 Lehudib's Crystal Spear  Conj/Erth      25%        10d7      98%         8
 Monstrous Menagerie      Summ           6%         N/A       100%        7

Inventory:

Hand Weapons
 a - a +5 lajatang of electrocution (weapon)
Armour
 n - a +0 pair of gloves (worn)
 D - a +0 pair of boots (worn)
 N - a +0 helmet (worn)
 U - a +0 robe of positive energy (worn)
Jewellery
 h - an amulet of reflection
 v - a ring of see invisible
 C - a ring of protection from cold
 F - a ring of fire
 G - an amulet of magic regeneration (around neck)
 L - a ring of flight
 P - a ring of poison resistance (left hand)
 W - a ring of willpower
 Z - a ring of wizardry (right hand)
Wands
 A - a wand of charming (8)
 B - a wand of quicksilver (14)
 M - a wand of roots (5)
 R - a wand of mindburst (7)
 S - a wand of polymorph (2)
Scrolls
 c - a scroll of poison
 g - 5 scrolls of teleportation {@r2}
 k - a scroll of butterflies
 l - 4 scrolls of fear
 m - a scroll of noise {unknown}
 q - 4 scrolls of blinking
 s - a scroll of brand weapon {unknown}
 t - 2 scrolls of amnesia {unknown}
 y - a scroll of magic mapping {unknown}
 E - a scroll of enchant armour {unknown}
 J - a scroll of silence {unknown}
Potions
 b - 2 potions of brilliance
 d - 2 potions of magic
 e - 2 potions of mutation {unknown}
 j - 3 potions of ambrosia
 o - 3 potions of curing {@q1}
 p - 2 potions of lignification {unknown}
 u - 6 potions of heal wounds {@q2}
 z - 2 potions of attraction {unknown}
 H - 2 potions of haste {@q3}
 T - a potion of cancellation {unknown}
Miscellaneous
 i - a lightning rod (4/4)
 K - a phantom mirror

Dungeon Overview and Level Annotations

Branches:
Dungeon (12/15)            Temple (1/1) D:4            Lair (1/5) D:9
  Sewer (visited)
    Orc: D:9-12

Altars:
Ashenzari
Cheibriados
Dithmenos
Elyvilon
Fedhas
Gozag
Hepliaklqana
Kikubaaqudgha
Makhleb
Nemelex Xobeh
Okawaru
Qazlal
Ru
Sif Muna
Trog
Uskayaw
Vehumet
Wu Jian
Xom
Yredelemnul
Zin
The Shining One

Shops:
D:3 [(**   D:4 =   D:11 *

Annotations:
D:3 1 runed translucent door, leafyfresh's ghost, novice OpDe
D:5 2 transporters, promet's ghost, novice DrGl
D:7 Joseph
D:11 Erolcha

#.# .....## #...
......# ....#
..8...## ....
.......##
...##........##
#.#.##.#..8..#
#..Y.........#
#.#..+..l§........#
#.#..#..@8..8.8.8.+
...................
#...P#............#
#.#.######....8..#
#.#.#.####.......#
#.#............#.P
#.........8...#....
#.#...#.......# .#.
###.#.+......## .


You could see a catoblepas and a komodo dragon.


Message History

Aiming: Searing Ray (safe; 1% risk of failure)
Press: ? - help, Shift-Dir - straight line, f/p - catoblepas
Aim: a catoblepas (calcifying dust, lightly wounded, 100% to hit)
The searing ray hits the catoblepas.
The catoblepas is lightly wounded. (Press . to maintain the ray.)
Casting: Searing Ray (safe; 1% risk of failure)
Confirm with . or Enter, or press ? or * to list all spells.
Restarting spell: Searing Ray (safe; 1% risk of failure)
Press: ? - help, Shift-Dir - straight line, f/p - catoblepas
Aim: a catoblepas (lightly wounded, 100% to hit)
The searing ray hits the catoblepas.
The catoblepas is lightly wounded. (Press . to maintain the ray.)
Casting: Searing Ray (safe; 1% risk of failure)
Confirm with . or Enter, or press ? or * to list all spells.
Restarting spell: Searing Ray (safe; 1% risk of failure)
Press: ? - help, Shift-Dir - straight line, f/p - catoblepas
Aim: a catoblepas (lightly wounded, 100% to hit)
The searing ray hits the catoblepas but does no damage.
The catoblepas is lightly wounded. (Press . to maintain the ray.)
The catoblepas gores you!!
* * * LOW HITPOINT WARNING * * *
The catoblepas gores you!!
* * * LOW HITPOINT WARNING * * *
The catoblepas breathes a plume of calcifying dust at you.
The blast of calcifying dust hits the komodo dragon.
The blast of calcifying dust hits you!
You die...

Skill      XL: |  1  2  3  4  5  6  7  8  9 10 11 |
---------------+----------------------------------+-----
Dodging        | 3 5 7 9 10 | 10.2
Stealth        | 3 4 5 7 |  7.8
Spellcasting   | 4 5 6 7 8 9 10 | 10.0
Conjurations   | 5 6 7 8 9 |  9.2
Hexes          | 2 4 5 7 8 9 10 | 10.5
Earth Magic    | 2 5 7 |  7.6
Invocations    | 2 4 |  4.5

Action                   |  1- 3 |  4- 6 |  7- 9 | 10-12 || total
-------------------------+-------+-------+-------+-------++-------
Melee: Whip              |       |       |     1 |     1 ||     2
       Dagger            |       |       |       |     2 ||     2
       Lajatang          |       |       |       |     2 ||     2
 Cast: Magic Dart        |    75 |    72 |   118 |    46 ||   311
       Searing Ray       |     2 |    28 |    35 |     6 ||    71
       Fulminant Prism   |       |       |    35 |    42 ||    77
       Stone Arrow       |       |       |    46 |    60 ||   106
  Use: Scroll            |       |     1 |     8 |     6 ||    15
       Potion            |       |     1 |       |     1 ||     2
 Stab: Sleeping          |       |       |     1 |     3 ||     4
Armor: Robe              |       |     9 |    10 |    13 ||    32
Dodge: Dodged            |     3 |    23 |    39 |    46 ||   111
Block: Other             |       |    15 |     8 |       ||    23
       Reflection        |       |       |     3 |       ||     3

Levels and vault maps discovered:
D:1:      tarquinn_simple_flora_water_d, layout_rooms, minmay_door_square
D:2:      layout_rooms, basic_altar, moated_statue, kennysheep_jessica_study
D:3:      layout_basic, mainiacjoe_overflow_six_doors_small, marbit_many_paths,
          hellmonk_ghost_happy_afterlife, shapermc_ecumenical_altar_notcrosses,
          serial_shops, shop, shop_fountains, nicolae_shop_hallway_stairs,
          nicolae_shop_advertising_works [nicolae_subvault_shop_adworks],
          gup_sewer_entry_bubbles, small_statue_intersection
D:4:      layout_gridville, minmay_temple_entry_grid, serial_shops,
          nicolae_shop_waterfront, minmay_manual_monstrance
D:5:      layout_layer_cave, dancing_weapons_uskayaw, overflow_temple_1_default,
          gammafunk_ghost_arena, sigmund_army
D:6:      layout_rooms, mainiacjoe_overflow_surrounded_room,
          lemuel_flame_loot_1, uniq_sigmund
D:7:      layout_rooms, nzn_hepliaklqana_mist_gate,
          lemuel_coloured_pillars_altar, grunt_decor_cap,
          nicolae_elevator_lobby_asterisk, uniq_duvessa, uniq_menkaure,
          uniq_joseph
D:8:      minmay_goldmine, layout_rooms, jmf_multi_god_temple
D:9:      layout_cross, mainiacjoe_overflow_alcove_4, tgw_trog, minmay_puff
D:10:     layout_cave_pools, makhleb_altar_promises_db, lemuel_tele_altar
D:11:     layout_roguey, serial_shops, shop, fedhas_altar_4, uniq_erolcha
D:12:     layout_irregular_city, hiddenorc1_lemuel, serial_shops, shop,
          minmay_increasing_density, uniq_psyche
Temple:   chequers_temple_sunken
Lair:1:   layout_loops_ring, minivault_11, lemuel_fruit_fields,
          serial_bayou_shore_a, grunt_megastairs_3

Notes
Turn   | Place    | Note
-------+----------+-------------------------------------------
     0 | D:1      | kingofthe the Deep Elf Conjurer began the quest for the
                  | Orb.
     0 | D:1      | Reached XP level 1. HP: 10/10 MP: 6/6
   162 | D:1      | Reached XP level 2. HP: 15/15 MP: 4/8
   165 | D:1      | Learned a level 2 spell: Searing Ray
   523 | D:1      | Reached skill level 3 in Dodging
   734 | D:2      | Reached XP level 3. HP: 19/19 MP: 5/10
  1082 | D:2      | Found a hide-covered altar of Uskayaw.
  1167 | D:2      | Noticed Jessica
  1172 | D:2      | Killed Jessica
  1173 | D:2      | Reached skill level 3 in Stealth
  1173 | D:2      | Reached skill level 4 in Spellcasting
  1173 | D:2      | Reached skill level 5 in Conjurations
  1173 | D:2      | Reached XP level 4. HP: 18/24 MP: 4/12
  1182 | D:2      | Learned a level 4 spell: Fulminant Prism
  1591 | D:3      | Found Upnaibbotu's Antique Armour Boutique.
  1664 | D:3      | Found a runed translucent door.
  1667 | D:3      | Noticed leafyfresh's ghost (novice OpDe)
  1692 | D:3      | Found Pufupp's Antique Weapon Boutique.
  1761 | D:3      | Found a faded altar of an unknown god.
  1791 | D:3      | Found Peravvov's General Store.
  1803 | D:3      | Bought a potion of curing for 30 gold pieces
  1826 | D:3      | Reached skill level 1 in Hexes
  1831 | D:3      | Reached skill level 2 in Hexes
  1831 | D:3      | Reached XP level 5. HP: 28/28 MP: 1/13
  1985 | D:3      | Found a glowing drain.
  1996 | Sewer    | Entered a sewer
  2013 | Sewer    | Reached skill level 3 in Hexes
  2413 | D:3      | Found a snail-covered altar of Cheibriados.
  2689 | D:3      | Found a radiant altar of Vehumet.
  2756 | D:3      | Found Laahef's General Store.
  2904 | D:4      | Reached skill level 5 in Spellcasting
  3019 | D:4      | Noticed a centaur
  3028 | D:4      | Killed a centaur
  3029 | D:4      | Reached skill level 4 in Hexes
  3029 | D:4      | Reached XP level 6. HP: 23/32 MP: 4/15
  3252 | D:4      | Reached skill level 5 in Hexes
  3375 | D:3      | Reached skill level 6 in Conjurations
  3804 | D:4      | Reached XP level 7. HP: 34/36 MP: 7/17
  3986 | D:4      | Found Diwept's Jewellery Emporium.
  4047 | D:4      | Found a staircase to the Ecumenical Temple.
  4076 | Temple   | Entered the Ecumenical Temple
  4723 | D:5      | Entered Level 5 of the Dungeon
  4723 | D:5      | Found an opulent altar of Gozag.
  4777 | D:5      | Noticed a +0 dagger
  4777 | D:5      | Noticed a +0 dagger
  4823 | D:5      | Found a transporter.
  4868 | D:5      | Noticed promet's ghost (novice DrGl)
  4917 | D:5      | Found a transporter.
  4984 | D:5      | Reached skill level 6 in Spellcasting
  4984 | D:5      | Reached skill level 6 in Hexes
  5117 | D:5      | Found a hide-covered altar of Uskayaw.
  5242 | D:5      | Reached skill level 7 in Hexes
  5812 | D:5      | Reached XP level 8. HP: 41/41 MP: 3/20
  5816 | D:5      | Learned a level 3 spell: Stone Arrow
  6025 | D:5      | Reached skill level 4 in Dodging
  6499 | D:6      | Noticed Sigmund
  6504 | D:6      | Killed Sigmund
  6505 | D:6      | Reached skill level 7 in Spellcasting
  6505 | D:6      | Reached skill level 7 in Conjurations
  6677 | D:6      | Reached skill level 8 in Hexes
  6761 | D:6      | Reached skill level 5 in Dodging
  6761 | D:6      | Reached skill level 4 in Stealth
  6761 | D:6      | Reached skill level 1 in Earth Magic
  7157 | D:6      | Found a sacrificial altar of Ru.
  7273 | D:6      | HP: 3/41 [black bear (3)]
  7970 | D:7      | Reached skill level 2 in Earth Magic
  8260 | D:7      | Noticed Joseph
  8286 | D:7      | HP: 2/41 [Joseph/sling bullet (13)]
  8325 | D:7      | HP: 1/41 [Joseph/sling bullet (6)]
  8996 | D:7      | Noticed Duvessa
  8996 | D:7      | Noticed Dowan
  9002 | D:7      | Killed Duvessa
  9003 | D:7      | Reached XP level 9. HP: 45/45 MP: 8/22
  9003 | D:7      | Killed Dowan
  9204 | D:7      | Reached skill level 6 in Dodging
  9204 | D:7      | Reached skill level 3 in Earth Magic
  9445 | D:7      | Noticed Menkaure
  9451 | D:7      | Killed Menkaure
  9452 | D:7      | Reached skill level 5 in Stealth
  9452 | D:7      | Reached skill level 8 in Spellcasting
  9561 | D:7      | Found a broken altar of Ashenzari.
  9787 | D:7      | Found a hazy altar of Hepliaklqana.
  9909 | D:8      | Found a sparkling altar of Nemelex Xobeh.
  9927 | D:8      | Reached skill level 4 in Earth Magic
 10156 | D:4      | Bought an amulet of magic regeneration for 300 gold pieces
 10239 | D:8      | Reached skill level 7 in Dodging
 10369 | D:8      | Reached skill level 9 in Hexes
 10567 | D:8      | Found a shimmering blue altar of Sif Muna.
 10603 | D:8      | Became a worshipper of Sif Muna the Loreminder
 10645 | D:8      | Reached skill level 8 in Conjurations
 10865 | D:8      | Reached skill level 5 in Earth Magic
 11185 | D:9      | Noticed a two-headed ogre
 11221 | D:9      | Noticed a troll
 11224 | D:9      | Killed a troll
 11225 | D:9      | Reached XP level 10. HP: 50/50 MP: 17/24
 11236 | D:9      | Reached skill level 6 in Stealth
 11242 | D:9      | Reached skill level 8 in Dodging
 11283 | D:9      | Reached * piety under Sif Muna
 11289 | D:9      | Killed a two-headed ogre
 11290 | D:9      | Reached skill level 9 in Spellcasting
 11290 | D:9      | Reached skill level 6 in Earth Magic
 11453 | D:9      | Noticed a two-headed ogre
 11459 | D:9      | Killed a two-headed ogre
 11491 | D:9      | Found a glowing golden altar of the Shining One.
 11663 | D:9      | Found a staircase to the Lair.
 11888 | D:9      | Reached skill level 9 in Dodging
 11999 | D:9      | Noticed a moth of wrath
 12002 | D:9      | Found a bloodstained altar of Trog.
 12119 | D:10     | Entered Level 10 of the Dungeon
 12234 | D:10     | Reached skill level 1 in Invocations
 12614 | D:10     | Reached skill level 7 in Stealth
 12696 | D:10     | Found an ornate altar of the Wu Jian Council.
 12707 | D:10     | Reached skill level 10 in Hexes
 12707 | D:10     | Reached skill level 7 in Earth Magic
 12707 | D:10     | Reached skill level 2 in Invocations
 13150 | D:10     | Found a burning altar of Makhleb.
 13150 | D:10     | Noticed a balrug
 13153 | D:10     | Noticed a smoke demon
 13212 | D:11     | Noticed Erolcha
 13319 | D:11     | Reached XP level 11. HP: 54/54 MP: 23/26
 13356 | D:11     | Found Tihomid's Assorted Antiques.
 13366 | D:11     | Bought a scroll of teleportation for 63 gold pieces
 13464 | D:11     | Reached ** piety under Sif Muna
 13465 | D:11     | Reached skill level 3 in Invocations
 13846 | D:11     | Identified the +10 morningstar of Wigi {antimagic, *Slow
                  | rC++ Will+ Dex+2}
 13900 | D:11     | Learned a level 4 spell: Hailstorm
 13936 | D:11     | Reached skill level 9 in Conjurations
 14308 | D:11     | Found a blossoming altar of Fedhas.
 14392 | D:12     | Noticed Psyche
 14394 | D:12     | Killed Psyche
 14395 | D:12     | Reached skill level 10 in Dodging
 14395 | D:12     | Reached skill level 4 in Invocations
 14436 | D:12     | Noticed a two-headed ogre
 14479 | D:12     | Killed a two-headed ogre
 14523 | D:12     | Reached skill level 10 in Spellcasting
 14756 | D:12     | Noticed a skeletal warrior
 14802 | D:12     | Noticed a deep elf pyromancer
 14992 | D:12     | Noticed a fire dragon
 15362 | D:9      | Identified 2 scrolls of acquirement
 15362 | D:9      | Acquired a book of Hexes
 15364 | D:9      | Acquired a +5 lajatang of electrocution
 15382 | Lair:1   | Entered Level 1 of the Lair of Beasts
 15548 | Lair:1   | Learned a level 4 spell: Cause Fear
 15572 | Lair:1   | Noticed a catoblepas
 15582 | Lair:1   | HP: 4/54 [catoblepas (22)]
 15583 | Lair:1   | Killed from afar by a catoblepas

Vanquished Creatures
  3 two-headed ogres
  A cyclops (D:11)
  Psyche (D:12)
  A komodo dragon (Lair:1)
  A hornet (D:9)
  3 trolls
  A slime creature (D:11)
  Sigmund (D:6)
  3 wraiths
  8 yaks
  2 wyverns (D:9)
  5 vampire mosquitoes
  Menkaure (D:7)
  2 acid dragons (D:11)
  Duvessa (D:7)
  A water moccasin (D:7)
  2 ice beasts
  2 orc warriors
  An ogre (D:6)
  3 black bears
  A sky beast (D:7)
  14 centaurs
  2 phantoms (D:5)
  5 kobold brigands
  3 bullfrogs
  4 scorpions
  A necrophage (D:7)
  Dowan (D:7)
  7 killer bees
  5 howler monkeys
  4 hounds
  10 orc priests
  Jessica (D:2)
  4 iguanas
  15 orc wizards
  A hell rat (Sewer)
  5 adders
  6 gnolls (D:5)
  4 river rats (Sewer)
  4 shadow imps
  4 white imps
  An ufetubus (D:5)
  2 worms
  A dart slug (D:2)
  32 orcs
  9 ball pythons
  4 bats
  5 endoplasms
  4 giant cockroaches
  4 goblins
  5 hobgoblins
  8 jackals (D:4)
  27 kobolds
  11 quokkas
  4 frilled lizards
  16 rats
277 creatures vanquished.

Vanquished Creatures (others)
  A kobold brigand (D:6)
  2 kobolds (D:6)
  75 fulminant prisms
  3 plants (Lair:1)
81 creatures vanquished.

Grand Total: 358 creatures vanquished

Table legend: (Time is in decaauts)
 A = Elapsed time spent in this place.
 B = Non-inter-level travel time spent in this place.
 C = Inter-level travel time spent in this place.
 D = Time resting spent in this place.
 E = Time spent auto-exploring this place.
 F = Levels seen in this place.
 G = Mean time per level.
                   A        B        C        D        E       F      G
               +--------+--------+--------+--------+--------+-----+--------+
         Total |  15676 |  14847 |    829 |   3692 |   8503 |  15 | 1045.1 |
       Dungeon |  14888 |  14084 |    804 |   3381 |   8137 |  12 | 1240.7 |
        Temple |    220 |    195 |     25 |      0 |    189 |   1 |  220.0 |
          Lair |    201 |    201 |      0 |    142 |     26 |   1 |  201.0 |
         Sewer |    365 |    365 |      0 |    169 |    150 |   1 |  365.0 |
               +--------+--------+--------+--------+--------+-----+--------+

Top non-repeatable levels by time:
     D:6: 2157 daAuts
     D:5: 1789 daAuts
     D:4: 1632 daAuts
    D:11: 1469 daAuts
     D:7: 1293 daAuts
     D:9: 1197 daAuts
     D:3: 1160 daAuts
     D:8: 1143 daAuts
    D:10: 1108 daAuts
     D:2: 892 daAuts
     D:1: 688 daAuts
   Sewer: 365 daAuts
    D:12: 355 daAuts
  Temple: 220 daAuts
  Lair:1: 201 daAuts

Table legend:
 A = Non-vault XP
 B = Vault XP
 C = Vault XP percentage of total XP
 D = Non-vault monster count
 E = Vault monster count
 F = Vault count percentage of total count
                 A         B        C        D         E       F
            +---------+---------+-------+---------+---------+-------
      Total |   13642 |    3009 |  18.1 |     214 |      63 |  22.7
            +---------+---------+-------+---------+---------+-------
        D:1 |      35 |       0 |   0.0 |      21 |       0 |   0.0
        D:2 |      37 |      39 |  51.3 |      23 |       2 |   8.0
        D:3 |     113 |      88 |  43.8 |      11 |       9 |  45.0
        D:4 |     158 |     198 |  55.6 |      18 |       8 |  30.8
        D:5 |     839 |      33 |   3.8 |      24 |       4 |  14.3
        D:6 |     567 |     226 |  28.5 |       9 |       1 |  10.0
        D:7 |     824 |     380 |  31.6 |      21 |       3 |  12.5
        D:8 |    1168 |     476 |  29.0 |      27 |      13 |  32.5
        D:9 |    3211 |     594 |  15.6 |      13 |       9 |  40.9
       D:10 |    1885 |       0 |   0.0 |      21 |       0 |   0.0
       D:11 |    3643 |       0 |   0.0 |      23 |       0 |   0.0
       D:12 |    1162 |     392 |  25.2 |       3 |       4 |  57.1
     Lair:1 |       0 |     493 | 100.0 |       0 |       2 | 100.0
      Sewer |       0 |      90 | 100.0 |       0 |       8 | 100.0
            +---------+---------+-------+---------+---------+-------
